AoeStats
← Behind You

African Clearing

510660632Analyzed
4v4 RM · 1d ago on Oct 2, 2026· 46m 20s· 8 players
Game mode
Random Map
Map size
Large (8 player)
Population
200
Speed
Normal
Resources
Standard
Victory
Conquest
Starting age
Dark Age
Ending age
Imperial Age
RankedLock teamsTeams togetherTeam positionsShared explorationLock speedFull tech treeHidden civsTurbo modeCheats
Victory
Defeat
🇦🇷 Bohemians · Argentina
1394
+12
🇦🇷 Vietnamese · Argentina
1284
+16
🇺🇸 Khmer · United States
1246
+18
🇨🇳 Dravidians · China
1164
+22
🇮🇩 Wu · Indonesia
1337
-19
🇨🇳 Maya · China
1314
-18
🇵🇪 Magyars · Peru
1271
-16
🇨🇦 Cumans · Canada
1234
-15
arzan
12:39 Feudal Age
11:30 Loom
13:43 Double-Bit Axe
14:27 Horse Collar
16:26 Town Watch
21:56 Bloodlines
25:27 Castle Age
24:03 Wheelbarrow
24:07 Gold Mining
26:34 Bow Saw
26:26 Capped Ram
32:34 Scale Barding Armor
32:39 Forging
33:46 Heavy Plow
34:24 Chain Barding Armor
35:26 Iron Casting
37:12 Hand Cart
37:01 Town Patrol
40:19 Imperial Age
39:54 Pikeman
40:34 Squires
40:35 Scale Mail Armor
40:40 Halberdier
41:38 Chain Mail Armor
42:23 Blast Furnace
40:48 Cavalier
41:08 Siege Ram
41:19 Siege Ram
42:49 Conscription
45:26 Plate Barding Armor
45:22 Plate Mail Armor
燕帖木儿
5:36 Loom
11:51 Feudal Age
14:15 Double-Bit Axe
16:47 Castle Age
15:57 Fletching
17:46 Town Watch
19:35 Bodkin Arrow
25:30 Wheelbarrow
37:18 Ballistics
37:05 Padded Archer Armor
40:35 Horse Collar
41:05 Bow Saw
45:33 Imperial Age
44:09 Pikeman
44:50 Squires
45:18 Leather Archer Armor
45:48 Scale Mail Armor
45:59 Forging
46:43 Conscription
46:56 Bracer
M@nquito 2.0
12:14 Feudal Age
14:50 Double-Bit Axe
21:47 Loom
24:03 Castle Age
25:27 Bloodlines
26:49 Scale Barding Armor
28:00 Husbandry
30:10 Chain Barding Armor
34:22 Gold Mining
36:19 Wheelbarrow
41:53 Imperial Age
40:08 Pikeman
43:49 Halberdier
Behind You
7:34 Loom
15:02 Feudal Age
19:45 Castle Age
28:41 Double-Bit Axe
29:07 Horse Collar
30:43 Fervor
31:37 Crossbowman
36:26 Fletching
37:05 Bodkin Arrow
37:45 Padded Archer Armor
45:12 Scale Mail Armor
45:24 Forging
45:12 Pikeman
45:53 Squires
45:38 Arson
46:10 Chain Mail Armor
45:33 Light Cavalry
46:24 Bloodlines
BittenDork
9:53 Loom
15:24 Feudal Age
19:57 Castle Age
18:24 Double-Bit Axe
19:49 Bloodlines
22:26 Light Cavalry
23:32 Husbandry
23:46 Forging
23:45 Scale Barding Armor
27:49 Forging
32:00 Chain Barding Armor
34:29 Iron Casting
41:58 Coinage
44:08 Imperial Age
45:48 Plate Barding Armor
45:54 Elite Battle Elephant
ssdess1
5:22 Loom
15:36 Feudal Age
18:35 Double-Bit Axe
33:25 Castle Age
[VA] Tano_Pacman
10:03 Loom
13:08 Feudal Age
16:37 Castle Age
14:51 Double-Bit Axe
24:10 Fervor
24:39 Fervor
24:49 Bow Saw
26:05 Horse Collar
28:31 Town Watch
31:14 Wheelbarrow
34:49 Imperial Age
32:12 Pikeman
32:53 Scale Mail Armor
33:16 Squires
33:14 Arson
34:32 Chemistry
34:17 Hand Cart
34:48 Chain Mail Armor
35:08 Forging
34:53 Halberdier
36:04 Plate Mail Armor
36:12 Conscription
36:56 Iron Casting
38:20 Siege Engineers
37:48 Houfnice
38:51 Heavy Plow
40:30 Fletching
41:41 Blast Furnace
40:48 Siege Engineers
40:53 Masonry
41:11 Bodkin Arrow
41:37 Ballistics
43:12 Two-Man Saw
42:33 Masonry
43:11 Padded Archer Armor
45:46 Architecture
45:25 Wagenburg Tactics
46:36 Sanctity
46:22 Wagenburg Tactics
Diablero
8:37 Loom
14:57 Feudal Age
16:15 Double-Bit Axe
16:11 Horse Collar
16:23 Gold Mining
19:09 Castle Age
19:31 Scale Barding Armor
31:11 Bow Saw
34:28 Fletching
35:02 Chain Barding Armor
34:53 Forging
34:58 Bloodlines
37:58 Imperial Age
36:07 Wheelbarrow
35:50 Heavy Plow
35:43 Stone Mining
36:49 Forging
36:45 Husbandry
37:08 Chain Barding Armor
37:39 Chatras
38:25 Iron Casting
38:44 Hand Cart
38:14 Town Watch
40:48 Plate Barding Armor
40:44 Crop Rotation
40:49 Paper Money
42:10 Two-Man Saw
41:31 Elite Battle Elephant
Connection lost

Rejoining the realm…

Still unreachable

The connection could not be restored.

Session expired

The server has moved on; the page needs a fresh start.